CCBL
BOURNE BRAVES @ CHATHAM ANGLERS
03/20/2060
 
TOP OF THE 1ST
Bourne Braves batting - Pitching for Chatham Anglers : RHP Simon Butler
Pitching: RHP Simon Butler
Batting: LHB Jack Motzer 0-0: Foul Ball, location: 2F
0-1: Ball
1-1: Ball
2-1: SINGLE (Groundball, 4, EV 95.6 MPH)
Batting: RHB Steve Norman 0-0: Ball
1-0: Ball
2-0: Ball
3-0: Base on Balls
Jack Motzer to second
Batting: RHB Vince Tanner 0-0: Called Strike
0-1: Foul Ball, location: 2F
0-2: Foul Ball, location: 2F
0-2: Ball
1-2: Strikes out swinging
Batting: RHB Frey Granado 0-0: Ball
1-0: Called Strike
1-1: Fly out, F8 (Flyball, 8RD, EV 98.8 MPH)
Batting: LHB Blake Wolf 0-0: Foul Ball, location: 2F
0-1: Ball
1-1: Called Strike
1-2: Ball
2-2: DOUBLE (Line Drive, 7LS, EV 102.5 MPH)
Jack Motzer scores
Steve Norman to third
Batting: RHB Zane Welker 0-0: Ball
1-0: Swinging Strike
1-1: Called Strike
1-2: Ball
2-2: Strikes out swinging
Top of the 1st over - 1 run, 2 hits, 0 errors, 2 left on base; Bourne 1 - Chatham 0
BOTTOM OF THE 1ST
Chatham Anglers batting - Pitching for Bourne Braves : RHP Joseph LeMaire
Pitching: RHP Joseph LeMaire
Batting: RHB Camron Goeschel 0-0: Called Strike
0-1: SINGLE (Line Drive, 9LS, EV 101.2 MPH)
Batting: RHB Chandler Palma 0-0: Ball
1-0: Swinging Strike
1-1: Ball
2-1: Called Strike
2-2: Ball
3-2: SINGLE (Groundball, 34D, EV 105.6 MPH)
Camron Goeschel to second
Camron Goeschel to third
Batting: RHB Greg Thomas 0-0: Ball
Chandler Palma steals 2nd base
1-0: Ball
2-0: Called Strike
2-1: SINGLE (Line Drive, 89S, EV 95.0 MPH)
Camron Goeschel scores
Chandler Palma to third
Batting: LHB Dennis Riggs 0-0: Fly out, F7 (Flyball, 78M, EV 87.5 MPH)
Runner from 3rd tags up, SCORES, no throw by LF
Batting: RHB James Hill 0-0: Ball
1-0: 2-RUN HOME RUN (Flyball, 78XD, EV 100.0 MPH), Distance : 406 ft
Batting: LHB Brett Krueger 0-0: Called Strike
0-1: Ball
1-1: Ball
2-1: Fly out, F8 (Flyball, 78D, EV 80.6 MPH)
Batting: RHB Cole Mace 0-0: Ball
1-0: Swinging Strike
1-1: Ball
2-1: Foul Ball, location: 2F
2-2: Strikes out swinging
Bottom of the 1st over - 4 runs, 4 hits, 0 errors, 0 left on base; Bourne 1 - Chatham 4
TOP OF THE 2ND
Bourne Braves batting - Pitching for Chatham Anglers : RHP Simon Butler
Batting: LHB Israel Quinzi 0-0: Foul Ball, location: 2F
0-1: Ball
1-1: Swinging Strike
1-2: Strikes out swinging
Batting: RHB Aron Williams 0-0: SINGLE (Flyball, 8RS, EV 93.1 MPH) - OUT at second base trying to stretch hit.
Batting: LHB Trent Carrillo 0-0: Called Strike
0-1: Ball
1-1: Ball
2-1: Foul Ball, location: 2F
2-2: Foul Ball, location: 2F
2-2: Foul Ball, location: 2F
2-2: Strikes out swinging
Top of the 2nd over - 0 runs, 1 hit, 0 errors, 0 left on base; Bourne 1 - Chatham 4
BOTTOM OF THE 2ND
Chatham Anglers batting - Pitching for Bourne Braves : RHP Joseph LeMaire
Batting: RHB Keon Giggetts 0-0: Called Strike
0-1: Ball
1-1: Foul Ball, location: 2F
1-2: Foul Ball, location: 2F
1-2: Ground out 5-3 (Groundball, 56S, EV 86.2 MPH)
Batting: RHB Justyn Kenn 0-0: Ball
1-0: Called Strike
1-1: Ball
2-1: Ground out 6-3 (Groundball, P, EV 83.1 MPH)
Batting: RHB Camron Goeschel 0-0: Ball
1-0: Ball
2-0: Foul Ball, location: 2F
2-1: Fly out, F8 (Line Drive, 8LD, EV 90.6 MPH)
Bottom of the 2nd over - 0 runs, 0 hits, 0 errors, 0 left on base; Bourne 1 - Chatham 4
TOP OF THE 3RD
Bourne Braves batting - Pitching for Chatham Anglers : RHP Simon Butler
Batting: LHB Jack Motzer 0-0: Ball
1-0: Foul Ball, location: 2F
1-1: Fly out, F9 (Line Drive, 9, EV 94.4 MPH)
Batting: RHB Steve Norman 0-0: Ball
1-0: Called Strike
1-1: Foul Ball, location: 2F
1-2: Ball
2-2: Ball
3-2: Base on Balls
Batting: RHB Vince Tanner 0-0: Swinging Strike
0-1: Ball
1-1: Called Strike
1-2: 2-RUN HOME RUN (Flyball, 89XD, EV 111.2 MPH), Distance : 424 ft
Batting: RHB Frey Granado 0-0: Swinging Strike
0-1: Ball
1-1: Ball
2-1: Ball
3-1: Called Strike
3-2: Strikes out swinging
Batting: LHB Blake Wolf 0-0: Foul Ball, location: 2F
0-1: Ball
1-1: Foul Ball, location: 2F
1-2: Foul Ball, location: 2F
1-2: Fly out, F7 (Flyball, 7D, EV 101.9 MPH)
Top of the 3rd over - 2 runs, 1 hit, 0 errors, 0 left on base; Bourne 3 - Chatham 4
BOTTOM OF THE 3RD
Chatham Anglers batting - Pitching for Bourne Braves : RHP Joseph LeMaire
Batting: RHB Chandler Palma 0-0: Swinging Strike
0-1: Called Strike
0-2: Foul Ball, location: 2F
0-2: Ball
1-2: Ball
2-2: Fly out, F8 (Line Drive, 8RD, EV 90.6 MPH)
Batting: RHB Greg Thomas 0-0: Ball
1-0: Swinging Strike
1-1: Foul Ball, location: 2F
1-2: Ball
2-2: Fly out, F8 (Line Drive, 8LD, EV 106.9 MPH)
Batting: LHB Dennis Riggs 0-0: Ball
1-0: Ball
2-0: Called Strike
2-1: Called Strike
2-2: Ball
3-2: Strikes out looking
Bottom of the 3rd over - 0 runs, 0 hits, 0 errors, 0 left on base; Bourne 3 - Chatham 4
TOP OF THE 4TH
Bourne Braves batting - Pitching for Chatham Anglers : RHP Simon Butler
Batting: RHB Zane Welker 0-0: Called Strike
0-1: Called Strike
0-2: Strikes out swinging
Batting: LHB Israel Quinzi 0-0: Called Strike
0-1: Ground out U3 (Groundball, 34, EV 93.8 MPH)
Batting: RHB Aron Williams 0-0: Ball
1-0: Ball
2-0: Swinging Strike
2-1: Called Strike
2-2: Ground out 6-3 (Groundball, 6MS, EV 68.8 MPH)
Top of the 4th over - 0 runs, 0 hits, 0 errors, 0 left on base; Bourne 3 - Chatham 4
BOTTOM OF THE 4TH
Chatham Anglers batting - Pitching for Bourne Braves : RHP Joseph LeMaire
Batting: RHB James Hill 0-0: Called Strike
0-1: SINGLE (Groundball, 4MD, EV 104.4 MPH)
Batting: LHB Brett Krueger 0-0: Called Strike
0-1: Ball
1-1: Called Strike
1-2: Foul Ball, location: 2F
1-2: Strikes out swinging
Batting: RHB Cole Mace 0-0: Called Strike
0-1: Fly out, F9 (Flyball, 9, EV 87.5 MPH)
Batting: RHB Keon Giggetts 0-0: Foul Ball, location: 2F
0-1: Called Strike
0-2: Foul Ball, location: 2F
0-2: Ball
1-2: Strikes out swinging
Bottom of the 4th over - 0 runs, 1 hit, 0 errors, 1 left on base; Bourne 3 - Chatham 4
TOP OF THE 5TH
Bourne Braves batting - Pitching for Chatham Anglers : RHP Simon Butler
Batting: LHB Trent Carrillo 0-0: Ball
1-0: Ball
2-0: Ball
3-0: Base on Balls
Batting: LHB Jack Motzer 0-0: Ball
1-0: SINGLE (Line Drive, 7S, EV 93.8 MPH)
Trent Carrillo to second
Trent Carrillo to third
Batting: RHB Steve Norman 0-0: Called Strike
0-1: Called Strike
0-2: Ball
1-2: Ball
2-2: Foul Ball, location: 2F
2-2: Fly out, F8 (Flyball, 8LD, EV 100.6 MPH)
Runner from 3rd tags up, SCORES, throw by CF
Batting: RHB Vince Tanner 0-0: Ball
1-0: Ball
2-0: Ball
3-0: Base on Balls
Jack Motzer to second
Pitching: LHP Blaise Kramer
Batting: RHB Frey Granado 0-0: Ball
1-0: Ball
2-0: Ball
3-0: Base on Balls
Jack Motzer to third
Vince Tanner to second
Batting: LHB Blake Wolf 0-0: Called Strike
0-1: Called Strike
0-2: Strikes out swinging
Batting: RHB Zane Welker 0-0: Ball
1-0: Ball
2-0: Foul Ball, location: 2F
2-1: Ball
3-1: Foul Ball, location: 2F
3-2: Fly out, F3 (Popup, 3D, EV 58.1 MPH)
Top of the 5th over - 1 run, 1 hit, 0 errors, 3 left on base; Bourne 4 - Chatham 4
BOTTOM OF THE 5TH
Chatham Anglers batting - Pitching for Bourne Braves : RHP Joseph LeMaire
Batting: RHB Justyn Kenn 0-0: Ball
1-0: Ball
2-0: Ball
3-0: Base on Balls
Batting: RHB Camron Goeschel 0-0: Ball
1-0: Bunted foul
1-1: Sac Bunt to 3S - play at first, batter safe!
Justyn Kenn to second
Batting: RHB Chandler Palma 0-0: Ball
1-0: Ball
2-0: Bunted foul
2-1: Ball
3-1: Bunted foul
3-2: Foul Ball, location: 2F
3-2: Reached on error, E1 (Groundball, 13S, EV 75.0 MPH)
Justyn Kenn to third
Camron Goeschel to second
Pitching: RHP Ray Hesse
Batting: RHB Greg Thomas 0-0: Fly out, F9 (Flyball, 9LM, EV 104.4 MPH)
Runner from 3rd tags up, SCORES, throw by RF
Camron Goeschel to third
Batting: LHB Dennis Riggs 0-0: Called Strike
0-1: Ball
1-1: Swinging Strike
1-2: Hit by Pitch
Chandler Palma to second
Batting: RHB James Hill 0-0: Ball
1-0: SINGLE (Flyball, 6D, EV 95.6 MPH)
Camron Goeschel scores
Chandler Palma to third
Dennis Riggs to second
Runner from 3rd tries for Home, SAFE, throw by CF to home
Batting: LHB Brett Krueger 0-0: SINGLE (Flyball, 3D, EV 86.9 MPH)
Dennis Riggs to third
James Hill to second
Batting: RHB Cole Mace 0-0: SINGLE (Groundball, 34S, EV 65.6 MPH) (infield hit)
Dennis Riggs scores
James Hill to third
Brett Krueger to second
Batting: RHB Keon Giggetts 0-0: Ball
1-0: DOUBLE (Groundball, 5L, EV 98.1 MPH)
James Hill scores
Brett Krueger scores
Cole Mace to third
Runner from 3rd tries for Home, SAFE, throw by LF to trailing runner, OUT at third! 7-3-5
Batting: RHB Justyn Kenn 0-0: Ball
1-0: Ball
2-0: Ball
3-0: Base on Balls
Pitching: RHP Mitch Nelson
Batting: RHB Camron Goeschel 0-0: Swinging Strike
Justyn Kenn is caught stealing 2nd base 2-4
Bottom of the 5th over - 7 runs, 5 hits, 1 error, 0 left on base; Bourne 4 - Chatham 11
TOP OF THE 6TH
Bourne Braves batting - Pitching for Chatham Anglers : LHP Blaise Kramer
Batting: LHB Israel Quinzi 0-0: Called Strike
0-1: Ball
1-1: Foul Ball, location: 2F
1-2: Foul Ball, location: 2F
1-2: Ball
2-2: Foul Ball, location: 2F
2-2: SINGLE (Flyball, 3D, EV 91.9 MPH)
Batting: RHB Aron Williams 0-0: Called Strike
0-1: SINGLE (Groundball, 6MD, EV 97.5 MPH)
Israel Quinzi to second
Batting: LHB Trent Carrillo 0-0: Swinging Strike
0-1: Ball
1-1: Ball
2-1: Foul Ball, location: 2F
2-2: Fielders Choice at 2nd, 3-6 (Groundball, 34, EV 92.5 MPH)
Israel Quinzi to third
Batting: LHB Jack Motzer 0-0: Ball
1-0: Swinging Strike
1-1: Foul Ball, location: 2F
1-2: Strikes out swinging
Batting: RHB Steve Norman 0-0: Called Strike
0-1: Called Strike
0-2: Fly out, F6 (Line Drive, 6M, EV 75.0 MPH)
Top of the 6th over - 0 runs, 2 hits, 0 errors, 2 left on base; Bourne 4 - Chatham 11
BOTTOM OF THE 6TH
Chatham Anglers batting - Pitching for Bourne Braves : RHP Mitch Nelson
Batting: RHB Camron Goeschel 0-0: Ball
1-0: Ball
2-0: Called Strike
2-1: Ground out 6-3 (Groundball, 6, EV 81.9 MPH)
Batting: RHB Chandler Palma 0-0: Ball
1-0: Ball
2-0: Called Strike
2-1: Foul Ball, location: 2F
2-2: Foul Ball, location: 2F
2-2: SINGLE (Groundball, 6MD, EV 97.5 MPH)
Batting: RHB Greg Thomas 0-0: Ball
1-0: Swinging Strike
1-1: SINGLE (Line Drive, 56D, EV 98.1 MPH)
Chandler Palma to second
Batting: LHB Dennis Riggs 0-0: Ground out 4-3 (Groundball, 4S, EV 70.6 MPH)
Chandler Palma to third
Greg Thomas to second
Batting: RHB James Hill 0-0: Ball
1-0: Called Strike
1-1: Ball
2-1: Reached on error, E5 (Groundball, 5S, EV 73.1 MPH)
Chandler Palma scores
Greg Thomas to third
Batting: LHB Brett Krueger 0-0: Ball
1-0: Called Strike
1-1: Ball
2-1: Ball
3-1: Base on Balls
James Hill to second
Batting: RHB Cole Mace 0-0: Swinging Strike
0-1: Called Strike
0-2: Fly out, F9 (Flyball, 9D, EV 106.9 MPH)
Bottom of the 6th over - 1 run, 2 hits, 1 error, 3 left on base; Bourne 4 - Chatham 12
TOP OF THE 7TH
Bourne Braves batting - Pitching for Chatham Anglers : LHP Blaise Kramer
Pinch Hitting: RHB Morty Latta 0-0: Called Strike
0-1: Swinging Strike
0-2: Strikes out swinging
Pinch Hitting: RHB Wolf Applegate 0-0: Ball
1-0: Ball
2-0: Ball
3-0: Base on Balls
Batting: LHB Blake Wolf 0-0: Ball
1-0: DOUBLE (Line Drive, 5D, EV 97.5 MPH)
Wolf Applegate to third
Batting: RHB Zane Welker 0-0: Ground out 4-3 (Groundball, 4D, EV 106.2 MPH)
Wolf Applegate scores
Blake Wolf to third
Batting: LHB Israel Quinzi 0-0: Ball
1-0: Foul Ball, location: 2F
1-1: Called Strike
1-2: Ball
2-2: Foul Ball, location: 2F
2-2: Fly out, F8 (Flyball, 8RD, EV 93.8 MPH)
Top of the 7th over - 1 run, 1 hit, 0 errors, 1 left on base; Bourne 5 - Chatham 12
BOTTOM OF THE 7TH
Chatham Anglers batting - Pitching for Bourne Braves : RHP Mitch Nelson
Now at 3B: Morty Latta
Now in LF: Michael Monks
Pinch Hitting: RHB Roy Fischer 0-0: Ball
1-0: Foul Ball, location: 2F
1-1: Foul Ball, location: 2F
1-2: Ball
2-2: Foul Ball, location: 2F
2-2: SOLO HOME RUN (Flyball, 7D, EV 97.5 MPH), Distance : 362 ft
Batting: RHB Justyn Kenn 0-0: Called Strike
0-1: Fly out, F3 (Popup, 3SF, EV 76.2 MPH)
Pinch Hitting: RHB Logan Nowicki 0-0: Called Strike
0-1: Fly out, F9 (Flyball, 9S, EV 85.6 MPH)
Batting: RHB Chandler Palma 0-0: Ball
1-0: Ball
2-0: Ball
3-0: Called Strike
3-1: Fly out, F9 (Line Drive, 9, EV 98.8 MPH)
Bottom of the 7th over - 1 run, 1 hit, 0 errors, 0 left on base; Bourne 5 - Chatham 13
TOP OF THE 8TH
Bourne Braves batting - Pitching for Chatham Anglers : LHP Blaise Kramer
Now at 2B: Logan Nowicki
Now at 3B: Roy Fischer
Batting: RHB Aron Williams 0-0: Ball
1-0: Foul Ball, location: 2F
1-1: Fly out, F7 (Flyball, 7D, EV 90.6 MPH)
Batting: LHB Trent Carrillo 0-0: Fly out, F9 (Flyball, 9D, EV 77.5 MPH)
Batting: LHB Jack Motzer 0-0: Ball
1-0: Called Strike
1-1: Swinging Strike
1-2: Ball
2-2: Ball
3-2: Foul Ball, location: 2F
3-2: Fly out, F8 (Flyball, 8LM, EV 84.4 MPH)
Top of the 8th over - 0 runs, 0 hits, 0 errors, 0 left on base; Bourne 5 - Chatham 13
BOTTOM OF THE 8TH
Chatham Anglers batting - Pitching for Bourne Braves : RHP Mitch Nelson
Pinch Hitting: RHB Javis Shiota 0-0: Called Strike
0-1: Ball
1-1: Swinging Strike
1-2: Strikes out swinging
Batting: LHB Dennis Riggs 0-0: Ball
1-0: Foul Ball, location: 2F
1-1: Foul Ball, location: 2F
1-2: Strikes out swinging
Batting: RHB James Hill 0-0: Fly out, F6 (Line Drive, 6, EV 71.2 MPH)
Bottom of the 8th over - 0 runs, 0 hits, 0 errors, 0 left on base; Bourne 5 - Chatham 13
TOP OF THE 9TH
Bourne Braves batting - Pitching for Chatham Anglers : LHP Blaise Kramer
Now at 1B: P.D. Marin
Batting: RHB Steve Norman 0-0: Ground out 6-3 (Groundball, 6, EV 82.5 MPH)
Batting: RHB Morty Latta 0-0: Ball
1-0: Ball
2-0: Swinging Strike
2-1: Foul Ball, location: 2F
2-2: DOUBLE (Line Drive, 9LM, EV 100.6 MPH)
Pitching: RHP Max DeBerry
Batting: LHB Michael Monks 0-0: Ball
1-0: Ball
2-0: Ball
3-0: Called Strike
3-1: Called Strike
3-2: Strikes out swinging
Batting: LHB Blake Wolf 0-0: Ball
1-0: Foul Ball, location: 2F
1-1: Ball
2-1: Ground out 4-3 (Groundball, 4, EV 87.5 MPH)
Top of the 9th over - 0 runs, 1 hit, 0 errors, 1 left on base; Bourne 5 - Chatham 13
Wednesday, April 17th , 2024 - OOTP Baseball 23.10 Build 110